 Dungeon Crawl Stone Soup version 0.28.0-53-g5a82cb258f (webtiles) character file.

Game seed: 10436289359854346431

49 issech the Chopper (level 3, 0/33 HPs)
             Began as a Minotaur Monk on June 1, 2022.
             Slain by an adder (1 damage)
             ... on level 2 of the Dungeon.
             The game lasted 00:03:33 (1410 turns).

issech the Chopper (Minotaur Monk)                  Turns: 1410, Time: 00:03:33

Health: 0/33       AC:  3    Str: 15    XL:     3   Next: 51%
Magic:  2/2        EV: 13    Int: 13    God:
Gold:   93         SH:  0    Dex: 14    Spells: 2/2 levels left

rFire   . . .      SeeInvis .   a - +0 hand axe
rCold   . . .      Faith    .   (no shield)
rNeg    . . .      Spirit   .   f - +0 leather armour
rPois   .          Reflect  .   (helmet restricted)
rElec   .          Harm     .   (no cloak)
rCorr   .          Rampage  .   (no gloves)
Will    .....                   (no boots)
Stlth   ++........              (no amulet)
HPRegen 0.11/turn               h - +6 ring of intelligence
MPRegen 0.08/turn               (no ring)

@: no status effects
A: horns 2, retaliatory headbutt
a: no special abilities


You were on level 2 of the Dungeon.
You visited 1 branch of the dungeon, and saw 2 of its levels.

You collected 93 gold pieces.

Inventory:

Hand Weapons
 a - a +0 hand axe (weapon)
 d - a +0 hunting sling
Missiles
 j - 16 bolts
 k - 5 javelins (quivered)
Armour
 b - a +0 robe
 f - a +0 leather armour (worn)
 l - an orb of wrath
Jewellery
 h - a +6 ring of intelligence (left hand)
 i - an amulet of faith
Scrolls
 e - a scroll of identify {unknown}
 g - a scroll of fog {unknown}
Potions
 c - a potion of attraction {unknown}


   Skills:
 + Level 4.2 Fighting
 + Level 4.4 Axes
 + Level 0.4 Armour
 + Level 3.7 Dodging
 + Level 1.7 Stealth


You had 2 spell levels left.
You didn't know any spells.
Your spell library contained the following spells:

 Spells                   Type           Power      Damage    Failure   Level
 Stone Arrow              Conj/Erth      0%         3d7       75%         3
 Animate Armour           Summ/Erth      0%         N/A       98%         4
 Lehudib's Crystal Spear  Conj/Erth      0%         10d2      100%        8


Dungeon Overview and Level Annotations

Branches:
Dungeon (2/15)

Altars:

Shops:
D:1 =

Annotations:
D:2 Natasha


Innate Abilities, Weirdness & Mutations

You have a pair of horns on your head.
You reflexively headbutt those who attack you in melee.


Message History

Natasha shimmers violently.
Natasha barely misses you.
You completely miss the kobold. You headbutt the kobold.
The kobold is moderately wounded.
You hit Natasha but do no damage. The kobold completely misses you.
Natasha casts a spell at you. The magic dart hits you!
You barely miss the kobold.
The kobold is moderately wounded.
You hit Natasha.
An adder comes into view.
The kobold barely misses you. Natasha claws you.
The adder hisses angrily.
You hit the kobold but do no damage. Your headbutt misses the kobold.
The kobold is moderately wounded.
You hit Natasha but do no damage. The kobold closely misses you.
Natasha closely misses you. The kobold closely misses you.
You hit the kobold.
The kobold is heavily wounded.
You hit Natasha. Natasha completely misses you.
The kobold hits you with a +0 club.
You hit the kobold but do no damage.
The kobold is heavily wounded.
You hit Natasha. Natasha claws you.
* * * LOW HITPOINT WARNING * * *
The kobold hits you with a +0 club.
* * * LOW HITPOINT WARNING * * *
Natasha stares at you and mumbles some strange words.
The magic dart hits you!
* * * LOW HITPOINT WARNING * * *
There is an open door here.
Natasha mumbles some strange words.
Natasha casts a spell.
You barely miss the adder. Your headbutt misses the adder.
The adder barely misses you. You furiously retaliate!
You headbutt the adder! The adder closely misses you.
You closely miss the adder.
The adder is severely wounded.
The adder bites you.
You die...

########## .........#
.....5...##################
.........'5................
.........#h################
.<......[#S# .........#@#
##########.# ###### ...
#..... #..#. #.#### #..#.#
####'#### ...# #
####........ ##.#
............ #.#
####........ #........


You could see an iron imp (summoned), Natasha and an adder.

Vanquished Creatures
  2 adders (D:2)
  A worm (D:2)
  4 bats (D:1)
  4 endoplasms
  A giant cockroach (D:1)
  3 goblins
  3 hobgoblins
  5 frilled lizards
  5 rats
28 creatures vanquished.

Notes
Turn   | Place    | Note
-------+----------+-------------------------------------------
     0 | D:1      | issech the Minotaur Monk began the quest for the Orb.
     0 | D:1      | Reached XP level 1. HP: 19/19 MP: 0/0
   370 | D:1      | Reached XP level 2. HP: 25/27 MP: 1/1
   415 | D:1      | Found Miejorato's Jewellery Boutique.
  1071 | D:2      | Reached XP level 3. HP: 27/33 MP: 2/2
  1393 | D:2      | Noticed Natasha
  1404 | D:2      | HP: 1/33 [Natasha/magic dart (7)]
  1410 | D:2      | Slain by an adder

Illustrated notes

Levels and vault maps discovered:
D:1:      psy_arrival_conway, layout_basic, serial_shops, shop_statue
D:2:      layout_basic, uniq_natasha, uniq_jessica

Skill      XL: |  1  2 |
---------------+-------+-----
Axes           | 4 |  4.4
Fighting       | 4 |  4.2
Armour         | |  0.4
Dodging        | |  3.7
Stealth        | |  1.7

Action                   || total
-------------------------++-------
Melee: Hand axe          ||    56
       Headbutt          ||    12
       Punch             ||     1
Throw: Javelin           ||     1
 Stab: Sleeping          ||     2
Armor: Leather armour    ||    11
Dodge: Dodged            ||    32
